 Dungeon Crawl Stone Soup version 0.18.1-47-g9310371 (webtiles) character file.

109 sarahorange the Ruffian (level 4, -1/29 HPs)
             Began as a Gargoyle Monk on June 19, 2016.
             Slain by an ogre
             ... wielding a +0 giant club
              (16 damage)
             ... on level 3 of the Dungeon.
             The game lasted 00:17:53 (3407 turns).

sarahorange the Ruffian (Gargoyle Monk)             Turns: 3407, Time: 00:17:54

Health: -1/29      AC:  5    Str: 15    XL:     4   Next: 89%
Magic:  4/4        EV: 13    Int: 10    God:
Gold:   149        SH:  0    Dex: 13    Spells: 0 memorised, 3 levels left

rFire  . . .     SeeInvis .       - Unarmed
rCold  . . .     Gourm    .     a - +0 robe
rNeg   + . .     Faith    .     (no shield)
rPois  ∞         Spirit   .     (no helmet)
rElec  +         Dismiss  .     (no cloak)
rCorr  .         Reflect  .     (no gloves)
SustAt .         Harm     .     (no boots)
MR     .....                    (no amulet)
Stlth  ++........               (no ring)
                                f - ring of wizardry

@: not resistant to hostile enchantments, unstealthy
A: negative energy resistance 1, electricity resistance, unbreathing,
petrification resistance, rot immunity, AC +3
a: no special abilities


You were on level 3 of the Dungeon.
You were not hungry.

You visited 1 branch of the dungeon, and saw 3 of its levels.

You collected 149 gold pieces.

Inventory:

Missiles
 g - 120 stones (quivered)
Armour
 a - a +0 robe (worn)
 e - a +0 leather armour
 i - a cursed +0 leather armour
 s - a +0 robe
Jewellery
 f - a ring of wizardry (left hand)
 n - an uncursed ring of protection from fire {unknown}
 v - an uncursed amulet of dismissal
Wands
 p - a wand of lightning (4/15)
 r - a wand of enslavement (12/24)
Scrolls
 c - 2 scrolls of remove curse
 h - a scroll of teleportation
 t - a scroll of blinking {unknown}
Potions
 l - a potion of curing {unknown}
 m - a potion of beneficial mutation {unknown}
 u - a potion of might {unknown}
Comestibles
 b - 4 bread rations
 d - 3 meat rations


   Skills:
 + Level 4.0 Fighting
 + Level 3.3 Dodging
 + Level 2.9 Stealth
 + Level 4.6 Unarmed Combat


You had 3 spell levels left.
You didn't know any spells.

Dungeon Overview and Level Annotations

Branches:
Dungeon (3/15)

Altars:


Innate Abilities, Weirdness & Mutations

You are resistant to torment.
Your stone body is resilient (AC +3).
You are immune to poison.
You resist negative energy.
You are resistant to electric shocks.
You can survive without breathing.
You are immune to petrification.
You are immune to rotting.


Message History

You kill the rat!
Found a stone staircase leading down.
g - 120 stones (gained 15)
An ogre comes into view. It is wielding a giant club.
The ogre shouts!
A bat comes into view.
The ogre barely misses you.
You punch the ogre!
The ogre is moderately wounded.
The ogre hits you with a giant club.
You barely miss the ogre.
The ogre is moderately wounded.
You hit the ogre.
The ogre is moderately wounded.
The ogre hits you with a giant club!
You hit the ogre.
The ogre is heavily wounded.
The ogre hits you with a giant club!
Ouch! That really hurt!
You die...

### #.. #.# # #.#
#.###### #.# #......#
#b# #...##### #O#
####........ #@# #
#.##....###.
#.#.#.#.##....# #.
#####.#.#.#.##.##.###.
#>................#...
#.###.#.#.#.##.##.....
#.# #.#........##.....
#.# #.#####.#####.....
#.###.........).......
#...................÷.


You could see an ogre and a bat.

Vanquished Creatures
  4 adders
  An ooze (D:1)
  A worm (D:3)
  2 dart slugs
  A giant gecko (D:2)
  An orc (D:3)
  8 bats
  4 giant cockroaches
  6 hobgoblins
  7 jackals
  4 kobolds
  3 quokkas
  3 giant newts
  2 goblins
  10 rats
57 creatures vanquished.

Notes
Turn   | Place    | Note
--------------------------------------------------------------
     0 | D:1      | sarahorange the Gargoyle Monk began the quest for the Orb.
     0 | D:1      | Reached XP level 1. HP: 14/14 MP: 1/1
    80 | D:1      | Reached XP level 2. HP: 15/19 MP: 2/2
   561 | D:1      | Reached XP level 3. HP: 21/23 MP: 3/3
  2353 | D:3      | Reached XP level 4. HP: 29/29 MP: 4/4
  3400 | D:3      | Noticed an ogre
  3407 | D:3      | Slain by an ogre

Skill      XL: |  1  2  3  4 |
---------------+-------------+-----
Dodging        | 3 |  3.3
Fighting       | 4 |  4.0
Stealth        | |  2.9
Unarmed Combat | |  4.6

Action                   |  1- 3 |  4- 6 || total
-------------------------+-------+-------++-------
Melee: Unarmed           |   156 |    71 ||   227
       Punch             |       |     4 ||     4
Throw: Stone             |     1 |       ||     1
  Use: Scroll            |     3 |     3 ||     6
       Potion            |       |     2 ||     2
 Stab: Sleeping          |     3 |       ||     3
       Distracted        |     1 |       ||     1
  Eat: Chunk             |     3 |     2 ||     5
       Pizza             |     1 |       ||     1
       Bread ration      |       |     1 ||     1
       Beef jerky        |       |     1 ||     1
Armor: Robe              |    48 |    11 ||    59
Dodge: Dodged            |    78 |    38 ||   116
